 Dungeon Crawl Stone Soup version 0.14-a0-1844-g8283a67 (webtiles) character file.

888 Deemzul the Cleaver (level 8, -8/51 HPs)
             Began as a Formicid Fighter on Jan 11, 2014.
             Mangled by Prince Ribbit (15 damage)
             ... on Level 4 of the Dungeon.
             The game lasted 00:04:16 (2691 turns).

Deemzul the Cleaver (Formicid Fighter)              Turns: 2691, Time: 00:04:17

HP  -8/51        AC  9     Str 24      XL: 8   Next: 20%
MP   8/8         EV  5     Int  7      God:
Gold 176         SH 19     Dex 10      Spells:  0 memorised,  7 levels left

rFire  . . .     SeeInvis +     x - +1 dwarf war axe
rCold  . . .     Clarity  .     b - +0 scale mail
rNeg   . . .     Conserve .     c - +0 shield
rPois  x         rCorr    .     (helmet unavailable)
rElec  .         rRot     .     (no cloak)
SustAb . .       Spirit   .     n - +0 pair of orc gloves
rMut   .         Warding  .     (no boots)
Saprov . . .     Stasis   +     (no amulet)
                                y - +4 ring of evasion
                                A - cursed -5 ring of evasion

@: somewhat resistant to hostile enchantments, extremely unstealthy
A: permanent stasis, dig shafts and tunnels, four strong arms, poison weakness,
antennae 3, exoskeleton 1
a: Dig, Shaft Self


You were on level 4 of the Dungeon.
You were not hungry.

You visited 1 branch of the dungeon, and saw 4 of its levels.

You collected 176 gold pieces.

Inventory:

Hand weapons
 x - a +1,+1 dwarven war axe (weapon)
Armour
 b - a +0 scale mail (worn)
 c - a +0 shield (worn)
 n - a +0 pair of orcish gloves (worn)
Magical devices
 z - a wand of flame (15)
 B - a wand of random effects (14)
Comestibles
 d - 4 bread rations
 g - 2 meat rations
 p - an apple
 u - a beef jerky
Scrolls
 a - a scroll of random uselessness {unknown}
 e - 5 scrolls of enchant weapon II
 f - a scroll of fear {unknown}
 h - 2 scrolls of immolation {unknown}
 l - 2 scrolls of amnesia {unknown}
 r - 3 scrolls of identify {unknown}
 s - 3 scrolls of fog {unknown}
 t - a scroll of curse weapon {unknown}
 v - a scroll of remove curse {unknown}
 w - a scroll of enchant weapon I {unknown}
 F - a scroll of curse jewellery {unknown}
Jewellery
 o - an uncursed ring of invisibility
 q - an uncursed ring of ice
 y - a +4 ring of evasion (right hand)
 A - a cursed -5 ring of evasion (left hand)
Potions
 i - a potion of mutation {unknown}
 j - 2 potions of curing
 k - a potion of flight {unknown}
 m - a potion of restore abilities
 C - a potion of porridge
 E - a potion of blood


   Skills:
 - Level 3.0 Fighting
 * Level 8.4 Axes
 - Level 3.6 Armour
 - Level 3.0 Shields


You had 7 spell levels left.
You didn't know any spells.

Dungeon Overview and Level Annotations

Branches:
Dungeon (4/16)
 Temple: D:4-7

Altars:

Annotations:
D:4 Menkaure, Prince Ribbit


Innate Abilities, Weirdness & Mutations

Your are under a permanent stasis effect.
You can dig through walls and to a lower floor.
Your four strong arms can wield any weapon, most with a shield.
You are susceptible to poison.
You have a pair of large antennae on your head (SInv).
Your body is surrounded by an exoskeleton. (HP +5, AC +1)


Message History

The hobgoblin is moderately wounded.
Prince Ribbit hits you! The hobgoblin hits you.
You closely miss Prince Ribbit.
Prince Ribbit is lightly wounded.
You slash the hobgoblin!
You kill the hobgoblin!
Prince Ribbit hits you!
* * * LOW HITPOINT WARNING * * *
You block Prince Ribbit's attack.
Drink which item? (? for menu, Esc to quit)
Okay, then.
Unknown command.
Read which item? (? for menu, Esc to quit)
As you read the scroll labeled ESISOE RINIRYS, it crumbles to dust.
Your +1,+0 dwarven war axe glows red for a moment.
It was a scroll of enchant weapon II.
Prince Ribbit hops awkwardly around.
Prince Ribbit hits you!
You die...

#############
##.............
##...............
##................
##.................
##...................
##...........@%.......
##.............F.......
##.....................
##......................
#..%...............M....
...)...................
. .................#....
....
................###..
..... ............ ...
......


You could see Prince Ribbit and Menkaure.

Vanquished Creatures
  Pikel (D:4)
  4 slaves
  The ghost of Jenx the Poker, an average HOSk (D:3)
  3 worker ants (D:4)
  4 adders
  2 worms
  An adder zombie (D:2)
  A giant gecko (D:2)
  5 bats
  A bat skeleton (D:2)
  A bat zombie (D:2)
  5 goblins
  6 hobgoblins
  3 kobolds
  3 giant cockroaches
  2 giant newts
  A hobgoblin skeleton (D:4)
  A hobgoblin zombie (D:2)
  4 jackals (D:4)
  A kobold skeleton (D:2)
  A kobold zombie (D:2)
  2 quokka zombies (D:2)
  9 rats
  A rat skeleton (D:2)
63 creatures vanquished.

Notes
Turn   | Place    | Note
--------------------------------------------------------------
     0 | D:1      | Deemzul, the Formicid Fighter, began the quest for the Orb.
     0 | D:1      | Reached XP level 1. HP: 19/19 MP: 1/1
   122 | D:1      | Reached XP level 2. HP: 22/24 MP: 2/2
   864 | D:2      | Reached XP level 3. HP: 28/28 MP: 3/3
  1234 | D:2      | Reached XP level 4. HP: 30/33 MP: 4/4
  1294 | D:3      | Reached skill level 4 in Axes
  1563 | D:3      | Noticed Jenx's ghost (average HOSk)
  1576 | D:3      | Killed Jenx's ghost
  1576 | D:3      | Reached skill level 5 in Axes
  1576 | D:3      | Reached XP level 5. HP: 20/37 MP: 5/5
  1808 | D:4      | Reached XP level 6. HP: 35/42 MP: 6/6
  1824 | D:4      | Noticed a slave
  1840 | D:4      | Killed a slave
  1958 | D:4      | Noticed a slave
  1959 | D:4      | Noticed Pikel
  1959 | D:4      | Noticed a slave
  1959 | D:4      | Noticed a slave
  1968 | D:4      | Killed a slave
  1996 | D:3      | HP: 2/42 [slave[Pikel] (4)]
  2013 | D:3      | Killed a slave
  2020 | D:3      | Killed a slave
  2175 | D:4      | Killed Pikel
  2175 | D:4      | Reached skill level 8 in Axes
  2175 | D:4      | Reached XP level 7. HP: 14/46 MP: 7/7
  2175 | D:4      | Reached XP level 8. HP: 15/51 MP: 8/8
  2686 | D:4      | Noticed Prince Ribbit
  2689 | D:4      | Noticed Menkaure
  2691 | D:4      | Mangled by Prince Ribbit

Action                   |  1- 3 |  4- 6 |  7- 9 || total
-------------------------+-------+-------+-------++-------
Melee: Hand axe          |   111 |     6 |       ||   117
       War axe           |       |    82 |    67 ||   149
Evoke: Wand              |       |     2 |     1 ||     3
  Use: Potion            |       |     6 |       ||     6
       Scroll            |       |       |     1 ||     1
